 Dungeon Crawl Stone Soup version 0.21-a0-584-g185da8e (webtiles) character file.

14 SpeedyPerson7 the Chopper (level 2, -19/27 HPs)
             Began as a Minotaur Berserker on Dec 21, 2017.
             Was a Follower of Trog.
             Demolished by an ogre
             ... wielding a +0 giant club
              (31 damage)
             ... on level 2 of the Dungeon.
             The game lasted 00:00:13 (287 turns).

SpeedyPerson7 the Chopper (Minotaur Berserker)       Turns: 287, Time: 00:00:14

Health: -19/27     AC:  2    Str: 21    XL:     2   Next: 31%
Magic:  1/1        EV: 12    Int:  4    God:    Trog [*.....]
Gold:   45         SH:  0    Dex:  9    Spells: 1/1 levels left

rFire    . . .     SeeInvis .   a - +0 hand axe
rCold    . . .     Gourm    .   (no shield)
rNeg     . . .     Faith    .   b - +0 animal skin
rPois    .         Spirit   .   (helmet restricted)
rElec    .         Reflect  .   (no cloak)
rCorr    .         Harm     .   (no gloves)
MR       .....                  (no boots)
Stlth    +.........             (no amulet)
HPRegen  0.09/turn              (no ring)
MPRegen  0.07/turn              (no ring)

@: no status effects
A: retaliatory headbutt, horns 2
a: Berserk, Burn Spellbooks, Renounce Religion


You were on level 2 of the Dungeon.
You worshipped Trog.
Trog was aware of your devotion.
You were not hungry.

You visited 1 branch of the dungeon, and saw 2 of its levels.

You collected 45 gold pieces.

Inventory:

Hand Weapons
 a - a +0 hand axe (weapon)
Armour
 b - a +0 animal skin (worn)
Scrolls
 c - 4 scrolls of identify {unknown}
 f - a scroll of fear {unknown}
 g - a scroll of amnesia {unknown}
 h - a scroll of remove curse {unknown}
Potions
 i - a potion of agility {unknown}
 j - a potion of curing {unknown}
 k - 2 potions of magic {unknown}
Comestibles
 d - 2 chunks of flesh
 e - a ration


   Skills:
 + Level 4.0 Fighting
 * Level 4.3 Axes
 - Level 2.4 Armour
 - Level 2.1 Dodging


You had one spell level left.
You didn't know any spells.

Dungeon Overview and Level Annotations

Branches:
Dungeon (2/15)

Altars:


Innate Abilities, Weirdness & Mutations

You reflexively headbutt those who attack you in melee.
You have a pair of horns on your head.


Message History

The ogre shouts!
The worm bites you!
You hit the worm.
The worm is lightly wounded.
You hit the worm but do no damage.
The worm is lightly wounded.
The worm bites you.
You hit the worm.
The worm is moderately wounded.
The worm completely misses you.
You hit the worm.
The worm is moderately wounded.
You barely miss the worm.
The worm is moderately wounded.
The worm bites you but does no damage.
You hit the worm.
The worm is heavily wounded.
You hit the ogre. The ogre hits you with a giant club!!
Ouch! That really hurt!
You die...

#...# #...#
#...###### #...#....
#..# ##...#.......
#..# #......##....
....
#..Ow.......#####..##
#@#.# #.....##..##
#.#.# #...#.##..##
#.#.# #...#.##...+
####.#.###...#.##.###
#............#.##.#..
####.#####...........
#.# ###.#.##.#.# #.#
#..#.##.#.# #.#
#..#..#.#..


You could see an ogre and a worm.

Vanquished Creatures
  A dart slug (D:1)
  A bat (D:1)
  A goblin (D:1)
  2 hobgoblins
  3 jackals (D:1)
  A kobold (D:1)
  A rat (D:1)
10 creatures vanquished.

Notes
Turn   | Place    | Note
-------+----------+-------------------------------------------
     0 | D:1      | SpeedyPerson7 the Minotaur Berserker began the quest for the Orb.
     0 | D:1      | Reached XP level 1. HP: 19/19 MP: 0/0
    25 | D:1      | Reached XP level 2. HP: 26/27 MP: 1/1
   281 | D:2      | Noticed an ogre
   287 | D:2      | Demolished by an ogre

Vault maps used:
D:1:      dpeg_arrival_water_altar, st_stairs_11
D:2:      xom_butterflies

Skill      XL: |  1  2 |
---------------+-------+-----
Axes           | 4 |  4.3
Fighting       | 4 |  4.0
Armour         | |  2.4
Dodging        | |  2.1

Action                   || total
-------------------------++-------
Melee: Hand axe          ||    19
       Headbutt          ||     4
Armor: Animal skin       ||     4
Dodge: Dodged            ||     7

Table legend:
 A = Spawn XP
 B = Non-spawn XP
 C = Spawn XP percentage of total XP
 D = Spawn monster count
 E = Non-spawn monster count
 F = Spawn count percentage of total count
 G = Total turns spent on level
                    A         B        C        D         E        F      G
               +---------+---------+-------+---------+---------+-------+---------
         Total |       0 |      21 |   0.0 |       0 |      10 |   0.0 |   287
               +---------+---------+-------+---------+---------+-------+---------
           D:1 |       0 |      19 |   0.0 |       0 |       9 |   0.0 |   236
           D:2 |       0 |       2 |   0.0 |       0 |       1 |   0.0 |    51
               +---------+---------+-------+---------+---------+-------+---------
